Map: Dragon Scales LE

Players

Wayfarer - Winner!

  • Race: Terran Terran
  • Spawn Location: 11:00

VOD

Have the link to the VOD?

Description

Time

  • Played on: Feb. 22, 2023, 5:33 a.m.
  • Length: 8:01
Show
View Real Time Build Order
Export as new Build Order

Wayfarer Terran - Winner!

Build Orders: Reaper Expand, Hellion Banshee 

Get SALT Encoding   

  12  0:02  SCV  
  12  0:14  SCV  
  12  0:18  Supply Depot  
  12  0:26  SCV  
  12  0:40  SCV  
  12  0:42  Barracks  
  12  0:46  Refinery  
  12  0:52  SCV  
  12  1:04  SCV  
  12  1:16  SCV  
  12  1:29  Orbital Command  
  12  1:30  Reaper  
  12  1:42  Command Center  
  12  1:51  Supply Depot  
  12  1:55  SCV  
  12  2:02  Marine  
  12  2:09  SCV  
  12  2:15  Factory  
  12  2:22  SCV  
  12  2:25  Barracks Reactor  
  12  2:35  SCV  
  12  2:40  Command Center  
  12  2:47  SCV  
  12  2:53  Orbital Command  
  12  3:00  Starport  
  12  3:02  SCV  
  12  3:09  Refinery  
  12  3:16  Barracks Tech Lab, SCV  
  12  3:22  SCV  
  12  3:25  Hellion x2  
  12  3:28  SCV  
  12  3:42  SCV x2  
  12  3:43  Barracks Tech Lab  
  12  3:45  Banshee  
  12  3:48  Hellion x2  
  12  3:53  Orbital Command  
  12  3:55  SCV  
  12  3:57  SCV  
  12  4:02  Marine  
  12  4:06  Cloaking Field  
  12  4:08  SCV  
  12  4:09  SCV  
  12  4:13  Hellion x2  
  12  4:21  SCV x3  
  12  4:24  Marine  
  12  4:25  Stimpack  
  12  4:30  Supply Depot  
  12  4:43  Barracks  
  12  4:45  Barracks  
  12  4:49  Banshee  
  12  4:51  SCV x2  
  12  4:52  SCV, Factory Reactor  
  12  4:54  Supply Depot  
  12  4:56  Marine  
  12  5:03  Engineering Bay  
  12  5:04  Engineering Bay  
  12  5:05  SCV x3  
  12  5:06  Refinery  
  12  5:08  Refinery  
  12  5:20  Barracks  
  12  5:21  Marine  
  12  5:22  Barracks  
  12  5:25  Supply Depot  
  12  5:26  Supply Depot  
  12  5:39  Marine  
  12  5:40  Marine x2  
  12  5:41  Terran Infantry Weapons Level 1, Terran Infantry Armor Level 1  
  12  5:44  Marine x2  
  12  5:45  Starport Reactor  
  12  5:48  Orbital Command  
  12  5:53  Supply Depot  
  12  5:54  Siege Tank, Supply Depot  
  12  5:58  SCV x2  
  12  6:04  Marine x5  
  12  6:05  Combat Shield  
  12  6:10  SCV  
  12  6:11  Barracks Reactor x2  
  12  6:15  SCV  
  12  6:16  SCV  
  12  6:24  Marine x4, Supply Depot x2  
  12  6:26  Marine  
  12  6:30  Siege Tank  
  12  6:33  SCV x2  
  12  6:34  SCV  
  12  6:36  Medivac  
  12  6:40  Medivac  
  12  6:44  Marine x5  
  12  6:47  SCV  
  12  6:48  SCV x2  
  12  6:52  Supply Depot  
  12  6:54  Marine x3, Supply Depot  
  12  6:55  Marine  
  12  7:00  SCV x3  
  12  7:06  Armory  
  12  7:10  Marine x5  
  12  7:11  Supply Depot  
  12  7:13  Siege Tank, Supply Depot  
  12  7:15  Medivac  
  12  7:19  Medivac  
  12  7:24  Marine x3  
  12  7:25  Marine  
  12  7:31  Marine  
  12  7:32  Marine x2  
  12  7:33  Barracks, SCV  
  12  7:34  Barracks  
  12  7:35  SCV x2  
  12  7:37  Marine  
  12  7:39  Marauder  
Tags
 
Add a new tag
Caveats
  • Supply blocks, unpowered buildings, or Contaminate may cause inaccurate times.
  • Supply counts are checked every 10 seconds.